 Dungeon Crawl Stone Soup version 0.20-a0-386-g2d247ea (webtiles) character file.

113 Kurtz the Cudgeler (level 4, -6/42 HPs)
             Began as a Naga Monk on Dec 30, 2016.
             Mangled by Sigmund
             ... wielding a +0 scythe
              (7 damage)
             ... on level 2 of the Dungeon.
             The game lasted 00:02:47 (2136 turns).

Kurtz the Cudgeler (Naga Monk)                      Turns: 2136, Time: 00:02:48

Health: -6/42      AC:  3    Str: 13    XL:     4   Next: 96%
Magic:  4/4        EV:  9    Int: 10    God:
Gold:   137        SH:  0    Dex: 17    Spells: 3/3 levels left

rFire  . . .     SeeInvis +     m - +0 flail
rCold  . . .     Gourm    .     e - +0 ring mail (curse)
rNeg   . . .     Faith    .     (no shield)
rPois  +         Spirit   .     (no helmet)
rElec  .         Reflect  .     (no cloak)
rCorr  .         Harm     .     (no gloves)
MR     .....                    (no barding)
Stlth  ++........               o - amulet of inaccuracy (curse)
                                (no ring)
                                h - +2 ring of dexterity

@: slowed, very slow
A: see invisible, deformed body, poison resistance, slowness 2, slow metabolism
1, spit poison 1, AC +1
a: Spit Poison


You were on level 2 of the Dungeon.
You were very full.

You visited 1 branch of the dungeon, and saw 2 of its levels.

You collected 137 gold pieces.

Inventory:

Hand Weapons
 a - a +0 mace
 m - a +0 flail (weapon)
Armour
 b - a +0 robe
 e - a cursed +0 ring mail (worn)
 l - a +0 plate armour
Jewellery
 d - an uncursed amulet of the gourmand
 h - a +2 ring of dexterity (left hand)
 o - a cursed amulet of inaccuracy (around neck)
Potions
 f - a potion of might
 g - a potion of lignification
 i - a potion of haste {unknown}
 n - a potion of curing {unknown}
 q - a potion of flight {unknown}
Comestibles
 c - a bread ration
 k - a slice of pizza


   Skills:
 - Level 3.0 Fighting
 * Level 5.4 Maces & Flails
 - Level 2.4 Dodging
 - Level 3.0 Stealth


You had 3 spell levels left.
You didn't know any spells.

Dungeon Overview and Level Annotations

Branches:
Dungeon (2/15)

Altars:

Annotations:
D:2 Sigmund


Innate Abilities, Weirdness & Mutations

You cannot wear boots.
Your serpentine skin is tough. (AC +1)
You have supernaturally acute eyesight. (SInv)
Armour fits poorly on your strangely shaped body.
Your system is resistant to poisons. (rPois)
You cover ground very slowly.
You have a slow metabolism.
You can spit poison.


Message History

You resist with some effort. The adder bites you.
Sigmund zaps a wand.
You feel yourself slow down. The adder bites you but does no damage.
The adder bites you. The adder barely misses you. The adder bites you.
Sigmund gestures wildly while chanting.
Sigmund flickers and vanishes for a moment.
The adder barely misses you. The adder bites you. The adder barely misses you.
Sigmund barely misses you. The adder misses you. The adder bites you.
Sigmund closely misses you. The adder bites you. The adder barely misses you.
Sigmund hits you from afar with a scythe!
* * * LOW HITPOINT WARNING * * *
The adder bites you but does no damage. The adder bites you.
* * * LOW HITPOINT WARNING * * *
The adder bites you.
* * * LOW HITPOINT WARNING * * *
Sigmund hits you from afar with a scythe!
You die...

**#....##................###### #
,...#####.....)..........(((((###
....* #...............#####.(.(
...,** #.......(...#.### **###..
..,,,* #..........##.#***#.....#
#..?.####..........#..#.,...#####
**#.....................####* #
,**#.###...............<....## #
,..#...#......@S@...)........## #
*#.......#######..............# #
#####.#...# #..............# #
#.#@#.#*# #........)..!..###
##...#...#*#..............g..
#..l......#...............#..
#.......#................##..
#....?..##.#............###..
#.......#*.#**,,*#K#####* #..


You could see Sigmund (invisible) and an adder.

Vanquished Creatures
  3 gnolls (D:1)
  4 adders (D:2)
  An ooze (D:1)
  A dart slug (D:1)
  2 leopard geckos
  A ball python (D:1)
  A giant cockroach (D:1)
  4 goblins
  5 hobgoblins
  2 jackals (D:1)
  9 kobolds
  6 bats
  2 frilled lizards
  3 rats
44 creatures vanquished.

Notes
Turn   | Place    | Note
-------+----------+-------------------------------------------
     0 | D:1      | Kurtz the Naga Monk began the quest for the Orb.
     0 | D:1      | Reached XP level 1. HP: 21/21 MP: 1/1
   273 | D:1      | Reached XP level 2. HP: 26/28 MP: 2/2
   678 | D:1      | Reached skill level 4 in Maces & Flails
   918 | D:1      | Reached XP level 3. HP: 9/34 MP: 3/3
  1412 | D:2      | Reached XP level 4. HP: 24/42 MP: 4/4
  1581 | D:2      | Reached skill level 5 in Maces & Flails
  2125 | D:2      | Noticed Sigmund
  2136 | D:2      | HP: 1/42 [adder (4)]
  2136 | D:2      | Mangled by Sigmund

Vault maps used:
D:1:      nicolae_arrival_washed_ashore, st_stairs_8, feat_on_display
D:2:      uniq_sigmund

Skill      XL: |  1  2  3  4 |
---------------+-------------+-----
Maces & Flails | 4 5 |  5.4
Fighting       | |  3.0
Dodging        | |  2.4
Stealth        | |  3.0

Action                   |  1- 3 |  4- 6 || total
-------------------------+-------+-------++-------
Melee: Mace              |    64 |       ||    64
       Flail             |     6 |    59 ||    65
 Abil: Spit Poison       |     4 |     4 ||     8
  Use: Scroll            |     3 |     2 ||     5
 Stab: Sleeping          |     2 |       ||     2
  Eat: Chunk             |    14 |     2 ||    16
Armor: Ring mail         |    27 |    38 ||    65
Dodge: Dodged            |    42 |    62 ||   104
